 Dungeon Crawl Stone Soup version 0.21.1-1-g345015fe64 (webtiles) character file.

409 Peloso the Slasher (level 6, -1/53 HPs)
             Began as a Minotaur Fighter on June 9, 2018.
             Slain by Duvessa
             ... wielding a +2 short sword of draining
              (2 damage)
             ... on level 4 of the Dungeon.
             The game lasted 00:05:26 (2294 turns).

Peloso the Slasher (Minotaur Fighter)               Turns: 2294, Time: 00:05:27

Health: -1/53      AC:  6    Str: 26    XL:     6   Next: 58%
Magic:  5/5        EV:  7    Int:  5    God:
Gold:   144        SH:  9    Dex: 11    Spells: 5/5 levels left

rFire    . . .     SeeInvis .   a - +0 long sword
rCold    . . .     Gourm    .   c - +0 shield
rNeg     . . .     Faith    .   b - +0 scale mail
rPois    .         Spirit   .   (helmet restricted)
rElec    .         Reflect  .   (no cloak)
rCorr    .         Harm     .   (no gloves)
MR       .....                  (no boots)
Stlth    ..........             (no amulet)
HPRegen  0.17/turn              (no ring)
MPRegen  0.09/turn              (no ring)

@: mighty, heavily drained
A: retaliatory headbutt, horns 2
a: no special abilities


You were on level 4 of the Dungeon.
You were not hungry.

You visited 1 branch of the dungeon, and saw 4 of its levels.

You collected 144 gold pieces.

Inventory:

Hand Weapons
 a - a +0 long sword (weapon)
Armour
 b - a +0 scale mail (worn)
 c - a +0 shield (worn)
Jewellery
 l - an uncursed ring of flight {unknown}
Scrolls
 e - a scroll of amnesia {unknown}
 h - 6 scrolls of identify {unknown}
 j - 5 scrolls of fog {unknown}
 k - 6 scrolls of remove curse {unknown}
 o - 5 scrolls of teleportation {unknown}
 q - a scroll of magic mapping {unknown}
 r - a scroll of fear {unknown}
Potions
 g - a potion of berserk rage {unknown}
 i - a potion of curing {unknown}
 m - a potion of lignification {unknown}
 n - 2 potions of mutation {unknown}
 p - 2 potions of heal wounds {unknown}
 s - a potion of resistance {unknown}
Comestibles
 f - 6 rations
 t - 2 chunks of flesh


   Skills:
 + Level 4.6(2.3) Fighting
 + Level 5.7(3.4) Long Blades
 + Level 4.8(2.5) Armour
 + Level 1.3(0.0) Dodging
 + Level 0.4(0.0) Stealth
 + Level 5.3(3.1) Shields


You had 5 spell levels left.
You didn't know any spells.

Dungeon Overview and Level Annotations

Branches:
Dungeon (4/15)
 Temple: D:4-7

Altars:
Ashenzari
Trog

Annotations:
D:4 Duvessa


Innate Abilities, Weirdness & Mutations

You reflexively headbutt those who attack you in melee.
You have a pair of horns on your head.


Message History

Duvessa hits you with a short sword of draining!
* * * LOW HITPOINT WARNING * * *
You feel drained.
* * * LOW HITPOINT WARNING * * *
You feel very mighty all of a sudden.
Duvessa hits you with a short sword of draining.
* * * LOW HITPOINT WARNING * * *
You feel drained.
The worker ant waves its antennae.
Duvessa hits you with a short sword of draining.
* * * LOW HITPOINT WARNING * * *
You feel drained.
Your shield and scale mail prevent you from hitting Duvessa.
Duvessa is moderately wounded.
Duvessa hits you with a short sword of draining.
* * * LOW HITPOINT WARNING * * *
You feel drained.
* * * LOW HITPOINT WARNING * * *
Duvessa hits you with a short sword of draining.
You die...

# # ... # ###+##.. #
#...... # #.....# # .....
####### ...
######..)..#####e#####.#.
.....+.....'....@..a$....
.#####.....#####)#####.##
.'..†............#
.################# .# .#
.# .# .#


You could see Duvessa (berserk) and a worker ant.

Vanquished Creatures
  Dowan (D:4)
  A hound (D:4)
  2 orc priests (D:3)
  Natasha (thrice) (D:2)
  2 worker ants
  5 adders
  2 adder skeletons
  2 dart slugs
  A worm (D:2)
  4 leopard geckos
  6 orcs (D:3)
  4 ball pythons
  A giant cockroach (D:3)
  6 goblins
  11 hobgoblins
  4 jackals (D:3)
  13 kobolds
  A quokka (D:2)
  11 bats
  4 frilled lizards
  A quokka skeleton (D:4)
  6 rats
91 creatures vanquished.

Notes
Turn   | Place    | Note
-------+----------+-------------------------------------------
     0 | D:1      | Peloso the Minotaur Fighter began the quest for the Orb.
     0 | D:1      | Reached XP level 1. HP: 19/19 MP: 0/0
   112 | D:1      | Reached XP level 2. HP: 23/27 MP: 1/1
   266 | D:1      | Found a shattered altar of Ashenzari.
   448 | D:1      | Reached XP level 3. HP: 33/33 MP: 2/2
   947 | D:2      | Reached XP level 4. HP: 24/40 MP: 3/3
  1053 | D:2      | Noticed Natasha
  1064 | D:2      | Killed Natasha
  1187 | D:2      | Noticed Natasha
  1197 | D:2      | Killed Natasha
  1235 | D:2      | Noticed Natasha
  1379 | D:2      | Killed Natasha
  1379 | D:2      | Reached XP level 5. HP: 34/47 MP: 4/4
  1502 | D:3      | Reached skill level 1 in Dodging
  1535 | D:3      | Found a bloodstained altar of Trog.
  1838 | D:3      | Reached skill level 5 in Long Blades
  1838 | D:3      | Reached XP level 6. HP: 36/53 MP: 5/5
  2022 | D:4      | Reached skill level 5 in Shields
  2209 | D:4      | Noticed Dowan
  2211 | D:4      | Noticed Duvessa
  2239 | D:4      | Killed Dowan
  2294 | D:4      | HP: 2/53 [Duvessa/short sword of draining (6)]
  2294 | D:4      | Slain by Duvessa

Skill      XL: |  1  2  3  4  5  6 |
---------------+-------------------+-----
Fighting       | 4 |  4.6
Armour         | 4 |  4.8
Shields        | 4 5 |  5.3
Long Blades    | 3 4 5 |  5.7
Dodging        | 1 |  1.3
Stealth        | |  0.4

Action                   |  1- 3 |  4- 6 || total
-------------------------+-------+-------++-------
Melee: Long sword        |    77 |   143 ||   220
       Headbutt          |    11 |    28 ||    39
  Use: Potion            |       |     1 ||     1
  Eat: Chunk             |       |     5 ||     5
Armor: Scale mail        |    73 |    43 ||   116
Dodge: Dodged            |    29 |    51 ||    80
Block: Shield            |    82 |    73 ||   155
       Rpst.: Long sword |    10 |    12 ||    22
